Cogmind - Beta 17 @@@ ROGUE MODE // 2026.08.17 @ 18:05:04 Player: Fedop Result: Destroyed by DAS Turret with DAS Cannon Performance ------------- Evolutions (1) 500 Regions Visited (4) 800 Robots Destroyed (28) 140 Value Destroyed (789) 789 Prototype IDs (24) 480 Alien Tech Used (0) 0 Bonus (300) 300 TOTAL SCORE: 3009 Bonus ------- Aligned with FarCom 300 Cogmind --------- Core Integrity 0/400 Matter 244/300 Energy 99/100 System Corruption 0% Temperature Cool (0) Movement Core (50) Location -9/Exiles Parts ------- > --- POWER (1) -------- (None) > --- PROPULSION (3) --- (None) > --- UTILITY (3) ------ Improved Heat Sink > --- WEAPON (2) ------- (None) > --- INVENTORY (5) ---- Flight Unit Hardened Light Armor Plating Hacking Suite Hacking Suite Hammer Peak State ------------ > --- POWER ------------ Light Deuterium Engine > --- PROPULSION ------- Light Treads Aluminum Leg Aluminum Leg > --- UTILITY ---------- Medium Storage Unit Terrain Scan Processor Improved Targeting Computer > --- WEAPON ----------- Latent Energy Streamer Hammer > --- INVENTORY -------- Ion Engine Light Treads Flight Unit Improved Heat Sink Targeting Computer Hardened Light Armor Plating Hacking Suite Hacking Suite Particle Cannon [Rating: 23] Favorites ----------- Power Light Deuterium Engine Engine Light Deuterium Engine Propulsion Aluminum Leg Treads Light Treads Leg Aluminum Leg Wheel Wheel Hover Unit Hover Unit Flight Unit Flight Unit Utility Improved Targeting Computer Device Heat Sink Storage Medium Storage Unit Processor Improved Targeting Computer Protection Light Armor Plating Weapon Particle Gun Energy Gun Particle Gun Energy Cannon Particle Cannon Impact Weapon Hammer Build | -11 -10 -9 -9 -9 ------- Run | Yrd Mat Mat Min Exi Slots Evolved 2 | . . 2 . . Power . | . . . . . Propulsion 1 | . . 1 . . Utility 1 | . . 1 . . Weapon . | . . . . . Parts Attached 37 | 6 7 11 6 7 Power 5 | 1 . 2 1 1 Engine 5 | 1 . 2 1 1 Core . | . . . . . Reactor . | . . . . . Propulsion 12 | 2 4 3 2 1 Treads 2 | . . 2 . . Leg 2 | . . . 2 . Wheel 4 | 2 2 . . . Hover 3 | . 2 1 . . Flight 1 | . . . . 1 Utility 11 | 1 2 4 2 2 Device 3 | . . 1 1 1 Storage 4 | 1 1 1 . 1 Processor 3 | . 1 1 1 . Hackware . | . . . . . Protection 1 | . . 1 . . Artifact . | . . . . . Weapon 9 | 2 1 2 1 3 Energy Gun 3 | 2 . 1 . . Energy Cannon 5 | . 1 1 1 2 Ballistic Gun . | . . . . . Ballistic Cannon . | . . . . . Launcher . | . . . . . Special Weapon . | . . . . . Impact Weapon 1 | . . . . 1 Slashing Weapon . | . . . . . Piercing Weapon . | . . . . . Special Melee Weapon . | . . . . . Unidentified Prototypes 1 | . . 1 . . Parts Lost 12 | . . 5 1 6 Power 3 | . . 2 . 1 Propulsion 6 | . . 2 . 4 Utility 2 | . . 1 . 1 Weapon 1 | . . . 1 . Highest Loss Streak 6 | . . 2 2 6 To Critical Strikes 2 | . . . . 2 Average Backups 8 | 1 6 7 9 9 Power 1 | . 1 1 . . Propulsion 1 | . 1 1 2 1 Utility 3 | . 2 2 4 4 Weapon 1 | . 1 2 2 1 Tool/Special . | . . . . . Unused Backups 10 | . 4 1 1 4 Power 2 | . 1 1 . . Propulsion 1 | . . . 1 . Utility 5 | . 1 . . 4 Weapon 2 | . 2 . . . Tool/Special . | . . . . . Average Slot Usage (%) 88 | . 93 89 86 83 Engine 11 | . 14 8 11 10 Treads 9 | . . 13 16 11 Leg 9 | . . . 15 20 Wheel 3 | . 11 2 . . Hover 7 | . 16 15 . . Device 1 | . . . 4 1 Storage 11 | . 14 10 11 10 Processor 15 | . 10 11 17 19 Protection 1 | . . 8 . . Energy Gun 11 | . 22 . 11 7 Energy Cannon 4 | . 2 17 . 2 Peak Build Rating 23 | 6 7 16 15 23 Average Rating 11 | 4 6 11 13 14 On Entrance 7 | . 6 7 11 14 Avg Prop Armor Cover (%) 12 | . . 10 10 13 Naked Turns . | . . . . . Heaviest Build 27 | 11 12 26 23 27 Greatest Support 40 | 26 26 40 40 40 Greatest Overweight (x) 7 | 1 1 7 . 1 Average Overweight (x) . | . . . . . Largest Inventory Capacity 15 | 8 15 10 10 10 Average Capacity 9 | 6 8 8 10 9 Most Carried 10 | 3 8 10 10 10 Average Carried 8 | 1 6 7 9 9 Final Capacity 10 | 8 8 10 10 5 Final Carried 10 | 2 8 9 10 5 Class Distribution -------------------- 93% | Mutant 6% | Scavenger-Mutant Dominant Class ---------------- Mutant | -10/Materials Mutant | -9/Materials Mutant | -9/Mines Mutant | -9/Exiles Resources | -11 -10 -9 -9 -9 ----------- Run | Yrd Mat Mat Min Exi Matter Collected 608 | 247 93 209 55 4 Remotely . | . . . . . Salvage Created 1060 | . 330 535 133 62 Parts 58 | . 17 37 4 . Haulers Intercepted 1 | . 1 . . . Recyclers Shooed . | . . . . . Parts Field Recycled . | . . . . . Retrieved Matter . | . . . . . Parts Self-Destructed . | . . . . . Prevented . | . . . . . Parts Restored . | . . . . . Kills | -11 -10 -9 -9 -9 ------- Run | Yrd Mat Mat Min Exi Combat Hostiles Destroyed 28 | . 6 14 3 5 Guns 7 | . 3 1 3 . Cannons 20 | . 2 13 . 5 Classes Destroyed 7 | . 4 2 . 1 Worker 3 | . 1 2 . . Hauler 1 | . 1 . . . Watcher 1 | . 1 . . . Swarmer 3 | . . 3 . . Grunt 18 | . 6 9 3 . Sentry 2 | . . 2 . . Assembled 5 | . . . . 5 Best Kill Streak 5 | . 3 5 3 3 Combat Bots Only 5 | . 2 5 3 3 Max Kills in Single Turn 1 | . 1 1 1 1 Gunslinging . | . . . . . Exploded . | . . . . . Melee . | . . . . . Uniques/NPCs Destroyed . | . . . . . Combat | -11 -10 -9 -9 -9 -------- Run | Yrd Mat Mat Min Exi Hostile Shots Fired 155 | . 24 71 14 46 Missed 42 | . 6 18 5 13 Hits 113 | . 18 53 9 33 Melee 3 | . . . . 3 Projectile 110 | . 18 53 9 30 AOE 1 | . . . . 1 Critical Strikes 12 | . 1 . 1 10 Damage Taken 1682 | . 240 555 117 770 Core 492 | . 82 79 . 331 Absorbed by Shields . | . . . . . Core Remaining (%) 83 | 100 67 . . . Volleys Fired 111 | . 43 36 10 22 Largest 2 | . 2 2 1 1 Hottest 136 | . 90 136 65 68 Shots Fired 169 | . 77 60 10 22 Gun 86 | . 69 7 10 . Cannon 83 | . 8 53 . 22 Launcher . | . . . . . Special . | . . . . . Kinetic . | . . . . . Thermal 169 | . 77 60 10 22 Explosive . | . . . . . Electromagnetic . | . . . . . Robot Hit Streak 8 | . 7 5 7 8 Robot Miss Streak 5 | . 5 2 1 5 Penetration Max . | . . . . . Secondary Targets . | . . . . . Shots Hit Robots 103 | . 48 33 8 14 Core Hits 41 | . 15 17 4 5 Critical Kills . | . . . . . Critical Parts Destroyed . | . . . . . Critical Strikes 5 | . 5 . . . Burn 5 | . 5 . . . Melee Attacks 3 | . . . . 3 Impact 3 | . . . . 3 Slashing . | . . . . . Piercing . | . . . . . Sneak Attacks . | . . . . . Combat Hostiles . | . . . . . Follow-up Attacks . | . . . . . Damage Inflicted 1667 | . 606 710 137 214 Guns 732 | . 504 91 137 . Cannons 935 | . 102 619 . 214 Explosions . | . . . . . Melee . | . . . . . Ramming . | . . . . . Kinetic . | . . . . . Thermal 1667 | . 606 710 137 214 Explosive . | . . . . . Electromagnetic . | . . . . . Impact . | . . . . . Slashing . | . . . . . Piercing . | . . . . . Highest Corruption . | . . . . . Average Corruption . | . . . . . Corruption Purged . | . . . . . Corruption Blocked . | . . . . . Overload Shots . | . . . . . Overflow Damage 19 | . . 7 . 12 Projectiles 19 | . . 7 . 12 Explosions . | . . . . . Melee . | . . . . . Knockbacks . | . . . . . Impact . | . . . . . Kinetic . | . . . . . Secondary . | . . . . . Self-Inflicted Damage . | . . . . . Shots . | . . . . . Rammed . | . . . . . Targets Rammed . | . . . . . Kicked . | . . . . . Crushed . | . . . . . Highest Temperature 546 | . 358 546 24 100 Average Temperature 142 | . 111 214 15 48 Received Heat Transfer 613 | . 141 279 84 109 Effects 16 | . 2 14 . . Shutdowns 3 | . . 3 . . Interference 4 | . 2 2 . . Matter Decay 3 | . . 3 . . Short Circuit 1 | . . 1 . . Damage (minor) 1 | . . 1 . . Damage (major) 4 | . . 4 . . Siege Activations . | . . . . . Martial Activations . | . . . . . Shielding Activations . | . . . . . Robots Disrupted . | . . . . . Combat Hostiles . | . . . . . Robots Corrupted . | . . . . . Combat Hostiles . | . . . . . Parts Fried . | . . . . . Impact Corruptions . | . . . . . Robots Melted 1 | . 1 . . . Combat Hostiles 1 | . 1 . . . Parts Melted 9 | . 5 4 . . Heat Transferred 3952 | . 1918 1332 296 406 Parts Sabotaged . | . . . . . Parts Stolen . | . . . . . Parts Stripped . | . . . . . Power Chain Reactions . | . . . . . Alert | -11 -10 -9 -9 -9 ------- Run | Yrd Mat Mat Min Exi Maximum Alert Level 1 | . . 1 . . Low Security (%) 89 | 100 100 56 100 . Level 1 10 | . . 43 . . Level 2 . | . . . . . Level 3 . | . . . . . Level 4 . | . . . . . Level 5 . | . . . . . High Security . | . . . . . Max Security . | . . . . . Peak Influence 243 | . 136 243 133 . Initial 78 | . . 53 78 . Average 72 | . 40 168 45 . Influence Increases 801 | . 326 390 85 . Destroy 0b10 Robot/C 460 | . 120 280 60 . Destroy 0b10 Robot/NC 25 | . 15 10 . . Destroy Leader 94 | . 34 50 10 . Successful Hack 42 | . 37 5 . . Disable Machine 15 | . . 15 . . Partial Spotted 60 | . 45 15 . . Lose Combat Pursuer 105 | . 75 15 15 . Influence Decreases 801 | . 198 315 288 . Entered New Map 200 | . . 75 125 . Time Decay 541 | . 198 190 153 . Lost Part 60 | . . 50 10 . Squads Dispatched 6 | . 3 2 1 . Investigation 4 | . 2 2 . . Extermination . | . . . . . Reinforcement 1 | . 1 . . . Assault 1 | . . . 1 . Garrison . | . . . . . Intercept . | . . . . . Searches Triggered . | . . . . . Construction Impeded . | . . . . . Haulers Reinforced . | . . . . . Active Scanning Responses . | . . . . . Cargo Convoy Interrupts . | . . . . . Stealth | -11 -10 -9 -9 -9 --------- Run | Yrd Mat Mat Min Exi Distress Signals 3 | . 1 2 . . Communications Jammed . | . . . . . Distress Signals . | . . . . . Times Spotted 52 | . 18 21 4 9 Peak Tracking Total 9 | . 5 7 3 9 Tactical Retreats 4 | . 2 1 1 . Traps | -11 -10 -9 -9 -9 ------- Run | Yrd Mat Mat Min Exi Traps Triggered 2 | . 2 . . . Indirectly . | . . . . . Trap Hack Attempts . | . . . . . Triggered . | . . . . . Disarmed . | . . . . . Reprogrammed . | . . . . . Reused . | . . . . . Traps Extracted . | . . . . . Installed . | . . . . . Triggered . | . . . . . Machines | -11 -10 -9 -9 -9 ---------- Run | Yrd Mat Mat Min Exi Machines Disabled 2 | . . 1 . 1 Max in Single Turn 1 | . . 1 . 1 Machines Repaired . | . . . . . Machines Dismantled . | . . . . . Machines Sabotaged . | . . . . . Overloaded Fab Kills . | . . . . . Hacking | -11 -10 -9 -9 -9 --------- Run | Yrd Mat Mat Min Exi Machines Accessed 12 | . 5 3 . 4 Terminals 6 | . 4 2 . . Fabricators . | . . . . . Repair Stations . | . . . . . Recycling Units 2 | . 1 1 . . Scanalyzers . | . . . . . Garrison Access . | . . . . . Total Hacks 58 | . 19 12 . 27 Successful 39 | . 9 3 . 27 Failed 18 | . 9 9 . . Catastrophic 1 | . . 1 . . Database Lockouts 1 | . 1 . . . Manual 28 | . 16 11 . 1 Terminals 27 | . 18 9 . . Fabricators . | . . . . . Repair Stations . | . . . . . Recycling Units 4 | . 1 3 . . Scanalyzers . | . . . . . Garrison Access . | . . . . . Terminal Hacks 32 | . 5 . . 27 Record 26 | . . . . 26 Part Schematic 2 | . 2 . . . Hauler Manifests 1 | . 1 . . . Registered Components 2 | . 2 . . . Proto ID Catalog 1 | . . . . 1 Fabricator Hacks . | . . . . . Repair Station Hacks . | . . . . . Recycling Unit Hacks 2 | . 1 1 . . Report Inventory 2 | . 1 1 . . Scanalyzer . | . . . . . Garrison Access Hacks . | . . . . . Unauthorized Hacks 5 | . 3 2 . . Terminals 5 | . 3 2 . . Botnet 5 | . 3 2 . . Fabricators . | . . . . . Repair Stations . | . . . . . Recycling Units . | . . . . . Scanalyzers . | . . . . . Garrison Access . | . . . . . Data Cores Recovered . | . . . . . Used . | . . . . . Hacking Detections 8 | . 5 3 . . Full Trace Events 4 | . 2 2 . . Feedback Events . | . . . . . Feedback Blocked . | . . . . . Robot Schematics Acquired . | . . . . . Robots Built . | . . . . . Authchips . | . . . . . Time . | . . . . . Total Robot Build Rating . | . . . . . Part Schematics Acquired 2 | . 2 . . . Parts Built . | . . . . . Authchips . | . . . . . Time . | . . . . . Total Part Build Rating . | . . . . . Part Studies Acquired . | . . . . . Parts Repaired . | . . . . . Time . | . . . . . Parts Recycled . | . . . . . Recycled Matter . | . . . . . Retrieved Matter . | . . . . . Retrieved Components . | . . . . . Parts Scanalyzed . | . . . . . Part Schematics Acquired . | . . . . . Parts Damaged . | . . . . . Bothacking | -11 -10 -9 -9 -9 ------------ Run | Yrd Mat Mat Min Exi Used RIF Installer . | . . . . . Robots Hacked . | . . . . . Non-combat . | . . . . . Combat . | . . . . . Robot Hacks Applied . | . . . . . Relay Couplers Released . | . . . . . Fabnet Peak Effective % . | . . . . . Robots Rewired . | . . . . . Allies Hacked . | . . . . . Hacks Repelled . | . . . . . Allies | -11 -10 -9 -9 -9 -------- Run | Yrd Mat Mat Min Exi Total Allies 1 | . . . 1 . Largest Group 1 | . . . 1 1 Highest-Rated Group 31 | . . . 31 31 Highest-Rated Ally 31 | . . . 31 31 Total Orders . | . . . . . Ally Attacks 7 | . . . . 7 Total Damage 63 | . . . . 63 Kills . | . . . . . Allies Corrupted . | . . . . . Allies Melted 1 | . . . . 1 Intel | -11 -10 -9 -9 -9 ------- Run | Yrd Mat Mat Min Exi Active Infowar (turns) . | . . . . . Robot Analysis Total . | . . . . . Derelict Logs Recovered . | . . . . . Drone Launches . | . . . . . Drone Recoveries . | . . . . . Exploration | -11 -10 -9 -9 -9 ------------- Run | Yrd Mat Mat Min Exi Turns Passed 2189 | 55 631 390 485 628 Spaces Moved 1691 | 48 600 243 332 468 Core 68 | 10 . 5 . 53 Treads 184 | . . 55 118 11 Legs 618 | . . . 214 404 Wheels 270 | 38 202 30 . . Hover 551 | . 398 153 . . Flight . | . . . . . Fastest Speed 50 | 50 56 52 120 50 Average Speed 98 | 86 67 92 134 117 Slowest Speed 400 | 100 125 400 160 190 Overloaded Moves . | . . . . . Propulsion Burnouts . | . . . . . Robots Hopped . | . . . . . Potential Cave-ins 13 | . . . . 13 Cave-ins Triggered 1 | . . . . 1 Exploration Rate (%) 48 | 4 80 20 54 82 Regions Visited 4 Branch Regions 2 Pre-discovered Areas . | . . . . . Known Exits Taken . | . . . . . Unknown Exits Taken 4 | 1 1 1 1 . Scrap Searched 1 | . . . 1 . Spaces Dug . | . . . . . Terrain Destroyed . | . . . . . Melee . | . . . . . Projectile . | . . . . . AOE . | . . . . . Terrain Rammed . | . . . . . Walls Destroyed . | . . . . . Machines Disabled . | . . . . . Actions | -11 -10 -9 -9 -9 --------- Run | Yrd Mat Mat Min Exi Total 2048 | 58 755 351 363 521 Wait 130 | 2 77 44 3 4 Move 1686 | 47 599 242 331 467 Hop . | . . . . . Pick Up 37 | 3 12 8 7 7 Fast Attach 24 | 5 7 8 2 2 Attach 12 | 1 . 4 3 4 Detach 8 | . 3 2 1 2 Swap 5 | . 1 . 1 3 Drop 31 | . 13 7 5 6 Fire 111 | . 43 36 10 22 Melee 3 | . . . . 3 Ram . | . . . . . Kick . | . . . . . Crush . | . . . . . Escape Stasis 1 | . . . . 1 Rewire . | . . . . . Trap . | . . . . . Miscellaneous . | . . . . . Route ------- -11/Scrapyard -10/Materials (discovered 4 exits: *Mat x3 / [*Min]) -9/Materials -9/Mines -9/Exiles History --------- Turn | Location | Event 24 | -11/Scrapyard | Discovered new exit (range 16) 56 | -11/Scrapyard | Entered Materials 327 | -10/Materials | Discovered new exit (range 11) 333 | -10/Materials | Build established: Mutant 378 | -10/Materials | Discovered new exit (range 12) 425 | -10/Materials | Discovered new exit (range 16) 619 | -10/Materials | Central database locked down 683 | -10/Materials | Discovered new exit (range 8) 687 | -10/Materials | Entered another Materials area 687 | -9/Materials | Evolved 2 slots: Propulsion x1, Utility x1 977 | -9/Materials | Discovered new exit (range 15) 1077 | -9/Materials | Entered Mines 1270 | -9/Mines | Assembled infested the area 1499 | -9/Mines | Met a Derelict testing a Signal Generator 1556 | -9/Mines | Deemed a non-threat by the Exiles lab entrance 1558 | -9/Mines | Discovered new exit (range 5) 1562 | -9/Mines | Entered Exiles 1562 | -9/Exiles | Accompanied by 1 ally 1592 | -9/Exiles | Met 8R-AWN 1613 | -9/Exiles | Met EX-HEX 1716 | -9/Exiles | Visited The Gauntlet 1832 | -9/Exiles | Met EX-DEC 1914 | -9/Exiles | Met EX-BIN 1933 | -9/Exiles | Aligned with FarCom system 1934 | -9/Exiles | Given EX-Vault access code 2003 | -9/Exiles | Opened EX-Vault 2012 | -9/Exiles | Found Latent Energy Streamer 2061 | -9/Exiles | Attacked by the Exiles 2150 | -9/Exiles | Core integrity fell below 50% 2167 | -9/Exiles | Crushed by falling debris 2189 | -9/Exiles | Core integrity fell below 20% 2190 | -9/Exiles | Destroyed by DAS Turret with DAS Cannon Last Messages --------------- 02163_ Penetrated by HV Slug. 02163_ HV Slug penetrates Wall. 02163_ Penetrated by HV Slug. 02163_ HV Slug penetrates Wall. 02163_ Dropped Ion Engine. 02165_ Penetrated by HV Slug. 02165_ HV Slug penetrates Earth. 02165_ Penetrated by HV Slug. 02165_ HV Slug penetrates Earth. 02167_ The unstable cave ceiling collapses. 02167_ Crushed by falling debris. 02167_ HV Slug penetrates Earth. 02167_ Penetrated by HV Slug. 02167_ HV Slug penetrates Earth. 02168_ Acquired 4 matter. 02182_ Penetrated by HV Slug. 02182_ HV Slug penetrates BIN's Workstation. 02182_ BIN's Workstation disabled. 02182_ HV Slug penetrates BIN's Workstation. 02186_ Aluminum Leg destroyed. Map ----- +----------------------------------------------------+ | ?????????????????????????????#""X" #?????? | | ?????????????????????????????#" #?????? | | ?????????????????????????#####" ## #?????? | | ?????????????????????????# " """## #?##### | | ?????????????????????????# """" ""#### #?#"""" | | ?????????????????????????# " " #?# #?#"""" | | ????????????????????????## " "# #?# #?#"""" | | ????????????????????????# " " ### ###"" " | | ????????????????????????## " " ##" " | | ????????????????????????# """ " ##" | | ????????????????????????## # #" | | ?????????????????????????## * ####" | | ?????????????????????######### !]#??#" | | ?????????????????????# """###! ??#" | | ?????????????????????#"" """#?#]# ??## | | ?????????????????????#"" #?# #???# | | ?????????????????????#"" #?# #????#" "X" | | ?????????????????????#"" "#?# #????#" """ | | ?????????????????????# ""#?# #????#" " """ | | ?????????????????????#"" ""#?# #???##" ####### | | ?????????????????????### ###?# #??##"" #?????? | | ?????????? #####????### ###?######"" #?????? | | ????????? """#####X# #"### """""" ##????? | | ????????? """""" " "" ##???# | | ???????? "" """ " ##### | | ????????# @ " " | | ??????????# % | | ??????????### | | ????????????## | | ?????????????## | | ??????????????##" % | | ???????????????#""" """""" | | ??????????????##" ######""" | | ??????????????#"" ""##?????####""" | | ?????????????##""" """##?????????##""" | | ?????????????#""" """##???????????#"""" | | ?????????????#""" ""#???????????##"" | | ?????????????#"" ########??####"""" | | ?????????????#""" ## ####""" | | ?????????????#"" """" | | ?????????????##"" | | ??????????????#"""" | | ??????????????## | | ???????????????#" " "" | | ???????????????#"""" ""## ##""" " " | | ???????????????#"" ""#### !######""" | | ???????????????#" """"##??# #????###" | | ???????????????#""" """#??## ####????# | | ???????????????## ""##??# "!#????? | | ????????????????#"" """##???#" !#????? | +----------------------------------------------------+ Best States ------------- Heat Dissipation 42 Energy Generation 14 Energy Capacity 250 Matter Stores 300 Matter Capacity 300 Sight Range 16 Terrain Scan Density 85 Armor Coverage 150 Evasion (%) 55 Targeting Accuracy 6 Recoil Reduction 2 Item Schematics ----------------- Flight Unit | -10/Materials | Hacked Propulsion Shielding | -10/Materials | Hacked Robot Schematics ------------------ None Fabricated ------------ Nothing Repaired ---------- Nothing Studied --------- None Alien Tech Used ----------------- None Achievements -------------- None Challenges ------------ None Game ------ Seed PlexusBurstCanceller Manual? 0 Play Time 00:36:08 Cumulative 63.8 hours Start 2026.08.17 @ 16:56:12 End 2026.08.17 @ 18:05:04 Sessions 1 Manual Loads 0 Difficulty Rogue Special Mode None Game No. 46 Rogue 46 Adventurer 0 Explorer 0 Win Type - Total 0 Types 0/0/0/0/0/0/0/0/0/0 Lore% 28 Gallery% 33 Achievement% 27 Wizard Run 0 Options --------- Layout 0 ASCII 0 Keyboard 1 Movement Vi Keybinds 0 Fullscreen 2 Font 18/SmallcapsGlow Map View 76x50 Zoom Use 0% Tactical HUD 1 Map Filters NONE Filters NONE Steam 1 RUN: f5b6fc1f-8561-4ab2-bc1d-3d06fc4dfa2b